 Dungeon Crawl Stone Soup version 0.24-a0-274-gb3763e6 (webtiles) character file.

Game seed: 13082869310384745415

12281 Lambchop the Arsonist (level 11, -3/89 HPs)
             Began as a Pale Draconian Fire Elementalist on Apr 26, 2019.
             Was a High Priest of Okawaru.
             Slain by a yaktaur (13 damage)
             ... on level 14 of the Dungeon.
             The game lasted 00:38:17 (16887 turns).

Lambchop the Arsonist (DrFE)                       Turns: 16887, Time: 00:38:17

Health: -3/89      AC: 13    Str: 12    XL:     11   Next: 60%
Magic:  16/23      EV: 12    Int: 20    God:    Okawaru [*****.]
Gold:   583        SH:  4    Dex: 11    Spells: 10/27 levels left

rFire    x . .     SeeInvis .   r - +2 dagger (venom)
rCold    + . .     Gourm    .   P - +0 buckler
rNeg     . . .     Faith    .   (armour unavailable)
rPois    .         Spirit   .   (helmet restricted)
rElec    .         Reflect  .   B - +2 cloak
rCorr    .         Harm     .   (no gloves)
MR       .....     Rnd*Tele +   p - +2 pair of boots
Stlth    ++........             m - amulet of rage
HPRegen  0.24/turn              F - ring of ice
MPRegen  0.18/turn              I - +2 ring of intelligence

@: no status effects
A: breathe steam, unfitting armour, claws 1, stinger 1, screaming 1,
teleportitis 1, cold-blooded, AC +7
a: Breathe Steam, Heroism, Finesse, Renounce Religion, Evoke Berserk Rage


You were on level 14 of the Dungeon.
You worshipped Okawaru.
Okawaru was extremely pleased with you.
You were not hungry.

You visited 1 branch of the dungeon, and saw 12 of its levels.

You collected 583 gold pieces.

Inventory:

Hand Weapons
 d - a +0 club
 e - a +0 dagger
 h - a +0 club
 r - a +2 dagger of venom (weapon)
Missiles
 A - a throwing net (quivered)
Armour
 p - a +2 pair of boots (worn)
 B - a +2 cloak (worn)
 P - a +0 buckler (worn)
Magical Staves
 z - an uncursed staff of cold
Jewellery
 m - an amulet of rage (around neck)
 F - a ring of ice (left claw)
 I - a +2 ring of intelligence (right claw)
Wands
 a - a wand of digging (1)
 s - a wand of acid (7)
 E - a wand of random effects (17)
 H - a wand of polymorph (12)
 K - a wand of enslavement (11)
 L - a wand of paralysis (13)
 M - a wand of iceblast (13)
Scrolls
 f - a scroll of blinking
 g - 2 scrolls of immolation {unknown}
 i - 2 scrolls of enchant armour
 k - 2 scrolls of amnesia
 l - 8 scrolls of remove curse
 o - a scroll of teleportation
 q - 3 scrolls of enchant weapon
 y - 4 scrolls of identify
 C - 2 scrolls of fog
 N - a scroll of noise {unknown}
 O - a scroll of magic mapping {unknown}
 Q - a scroll of fear {unknown}
 R - a scroll of silence {unknown}
Potions
 c - 3 potions of lignification
 j - a potion of might {unknown}
 n - 2 potions of agility
 t - 3 potions of flight
 u - a potion of berserk rage {unknown}
 v - a potion of curing {unknown}
 w - a potion of ambrosia {unknown}
 x - a potion of haste {unknown}
 D - a potion of cancellation {unknown}
 G - 2 potions of heal wounds {unknown}
 J - 2 potions of brilliance
Comestibles
 b - 19 rations


   Skills:
 + Level 5.7 Fighting
 - Level 7.0 Short Blades
 - Level 1.7 Dodging
 - Level 1.7 Stealth
 * Level 2.8 Shields
 + Level 8.9 Spellcasting
 + Level 8.3 Conjurations
 * Level 3.1 Translocations
 + Level 9.9 Fire Magic
 - Level 5.0 Evocations


You had 10 spell levels left.
You knew the following spells:

 Your Spells              Type           Power        Failure   Level  Hunger
a - Flame Tongue          Conj/Fire      #####        1%          1    None
b - Conjure Flame         Conj/Fire      #####...     1%          3    None
c - Sticky Flame          Conj/Fire      #####...     1%          4    ###....
d - Fireball              Conj/Fire      #####.....   6%          5    #####..
e - Force Lance           Conj/Tloc      ####....     9%          4    ###....

Your spell library contained the following spells:

 Spells                   Type           Power        Failure   Level  Hunger
 Magic Dart               Conj           ####         1%          1    None
 Searing Ray              Conj           #####.       1%          2    None
 Throw Flame              Conj/Fire      #####.       1%          2    None
 Iskenderun's Mystic Bla  Conj           #####...     2%          4    ###....
 Inner Flame              Hex/Fire       ####....     3%          3    None
 Dazzling Spray           Conj/Hex       ####..       4%          3    None
 Fulminant Prism          Conj/Hex       ####......   16%         4    ###....


Dungeon Overview and Level Annotations

Branches:
Dungeon (11/15)            Temple (0/1) D:7            Lair (0/6) D:10
 Vaults (0/5) D:14
    Orc: D:9-12

Altars:
Cheibriados
Dithmenos
Elyvilon
Fedhas
Hepliaklqana
Makhleb
Okawaru
Qazlal
Ru
Sif Muna
Trog
Uskayaw
Wu Jian
Xom
Zin
The Shining One

Shops:
D:4 *   D:5 %   D:7 [?

Annotations:
D:1 exclusion: 2 downstairs
D:2 Sigmund
D:5 2 transporters, Borgoz's ghost, novice KoGl
D:9 exclusion: downstairs


Innate Abilities, Weirdness & Mutations

You can breathe blasts of scalding, opaque steam.
Your pale cyan-grey scales are hard. (AC +7)
You cannot fit into any form of body armour.
You are cold-blooded and may be slowed by cold attacks.
You have sharp fingernails.
Your tail ends in a poisonous barb.
You occasionally shout uncontrollably at your foes.
You are occasionally teleported next to monsters.


Message History

The yaktaur unwields a +1 arbalest of freezing.
The yaktaur hits you!
* * * LOW HITPOINT WARNING * * *
There is an open door here.
Things that are here:
a +0 arbalest; 21 bolts
Casting: Sticky Flame (safe; 1% risk of failure)
Confirm with . or Enter, or press ? or * to list all spells.
Aiming: Sticky Flame (safe; 1% risk of failure)
Press: ? - help, Shift-Dir - straight line, f - yaktaur
Aim: a yaktaur The sticky flame hits the yaktaur.
The yaktaur is lightly wounded.
The yaktaur is covered in liquid flames!
The yaktaur burns!
The yaktaur hits you!
* * * LOW HITPOINT WARNING * * *
You hit the yaktaur.
The yaktaur is poisoned.
The yaktaur is lightly wounded.
The yaktaur hits you!
You die...

#.....#........#........#
#.....#.....####(..######
#######......#
............#
............#
............#
............#
..#######...# .
#.....@c### #.....#.#
#.....#.# #.....#.#
#.....#(# #.....#.#
#.....#.### #.....#.†.#
.#######...#


You could see a yaktaur (burning).

Vanquished Creatures
  A two-headed ogre (D:9)
  A tengu warrior (D:11)
  Pikel (D:5)
  A cyclops (D:14)
  Psyche (D:8)
  A gargoyle (D:10)
  A kobold demonologist (D:11)
  A yaktaur (D:14)
  A tengu conjurer (D:10)
  A hippogriff (D:9)
  9 yaks
  A shadow (D:11)
  A wyvern (D:9)
  A wraith (D:9)
  Grum (D:8)
  A basilisk (D:14)
  Duvessa (D:7)
  3 porcupines
  An ice beast (D:7)
  2 sky beasts
  A black bear (D:7)
  4 phantoms
  2 slaves (D:5)
  5 ogres
  2 eyes of draining
  A necrophage (D:10)
  3 orc warriors
  4 wolves
  4 centaurs
  2 big kobolds
  9 bullfrogs
  A gnoll sergeant (D:8)
  Dowan (D:7)
  3 scorpions
  6 killer bees (D:9)
  3 howler monkeys
  3 centaur zombies (D:10)
  2 quasits
  7 crimson imps
  3 bullfrog skeletons
  6 hounds
  4 orc priests
  Crazy Yiuf (D:5)
  6 jellies
  Ijyb (D:5)
  3 centaur skeletons
  15 orc wizards
  6 worker ants
  2 hound zombies
  2 hound skeletons (D:4)
  Robin (D:3)
  5 gnolls (D:8)
  11 adders
  3 shadow imps
  4 oozes
  An adder zombie (D:7)
  4 worms
  3 dart slugs
  6 leopard geckos
  42 orcs
  3 ball pythons
  11 bats
  5 giant cockroaches
  17 goblins
  9 hobgoblins
  6 jackals (D:6)
  9 kobolds
  3 quokkas
  4 frilled lizards
  A quokka skeleton (D:4)
  15 rats
306 creatures vanquished.

Vanquished Creatures (others)
  A fungus (D:10)
1 creature vanquished.

Grand Total: 307 creatures vanquished

Notes
Turn   | Place    | Note
-------+----------+-------------------------------------------
     0 | D:1      | Lambchop the Draconian Fire Elementalist began the quest
                  | for the Orb.
     0 | D:1      | Reached XP level 1. HP: 14/14 MP: 3/3
   325 | D:1      | Reached XP level 2. HP: 20/20 MP: 3/5
  1143 | D:2      | Reached XP level 3. HP: 26/26 MP: 4/6
  1149 | D:2      | Noticed Sigmund
  1206 | D:1      | Learned a level 3 spell: Conjure Flame
  2278 | D:2      | Reached XP level 4. HP: 33/33 MP: 5/8
  2309 | D:2      | Learned a level 4 spell: Sticky Flame
  2539 | D:2      | Reached skill level 4 in Fire Magic
  3075 | D:3      | Reached XP level 5. HP: 26/38 MP: 8/10
  3246 | D:3      | Noticed Robin
  3261 | D:3      | Killed Robin
  3420 | D:3      | Reached XP level 6. HP: 42/46 MP: 7/11
  3661 | D:3      | Found a faded altar of an unknown god.
  3824 | D:4      | Found a glowing golden altar of the Shining One.
  3824 | D:4      | Found a snail-covered altar of Cheibriados.
  3824 | D:4      | Found a shadowy altar of Dithmenos.
  3824 | D:4      | Found a hide-covered altar of Uskayaw.
  3829 | D:4      | Found a hazy altar of Hepliaklqana.
  3846 | D:4      | Reached skill level 1 in Short Blades
  4042 | D:4      | Reached skill level 1 in Fighting
  4137 | D:4      | Found a deep blue altar of Sif Muna.
  4556 | D:4      | Reached skill level 5 in Fire Magic
  4556 | D:4      | Your scales start taking on a pale cyan-grey colour.
  4556 | D:4      | Reached XP level 7. HP: 52/52 MP: 13/13
  4887 | D:4      | Found an ornate altar of the Wu Jian Council.
  4966 | D:4      | Noticed a moth of wrath
  4968 | D:4      | Found a bloodstained altar of Trog.
  5114 | D:4      | Found Hegoik's Assorted Antiques.
  5248 | D:5      | Entered Level 5 of the Dungeon
  5254 | D:5      | Reached skill level 1 in Evocations
  5547 | D:5      | Found Doanehoe's Food Emporium.
  5619 | D:5      | Noticed Borgoz's ghost (novice KoGl)
  5622 | D:5      | Found a transporter.
  5923 | D:5      | Noticed Ijyb
  5947 | D:5      | Killed Ijyb
  5959 | D:5      | Reached XP level 8. HP: 61/61 MP: 9/15
  6293 | D:5      | Found a sacrificial altar of Ru.
  6355 | D:5      | Reached skill level 6 in Fire Magic
  6378 | D:5      | Noticed Pikel
  6379 | D:5      | Found a transporter.
  6393 | D:5      | Killed Pikel
  6393 | D:5      | Reached skill level 5 in Spellcasting
  6595 | D:5      | Found a runed translucent door.
  6596 | D:5      | Noticed Crazy Yiuf
  7008 | D:5      | Killed Crazy Yiuf
  7586 | D:6      | Found a white marble altar of Elyvilon.
  7684 | D:6      | Reached skill level 5 in Short Blades
  7790 | D:6      | Reached XP level 9. HP: 69/69 MP: 17/17
  7791 | D:6      | Gained mutation: You are clumsy. (Dex -2) [potion of
                  | mutation]
  7791 | D:6      | Gained mutation: Your flesh is cold resistant. (rC+)
                  | [potion of mutation]
  7791 | D:6      | Gained mutation: You have sharp toenails. [potion of
                  | mutation]
  7792 | D:6      | Lost mutation: You are clumsy. (Dex -2) [potion of
                  | mutation]
  7792 | D:6      | Lost mutation: Your flesh is cold resistant. (rC+) [potion
                  | of mutation]
  7792 | D:6      | Gained mutation: Scrolls take you a little longer to read.
                  | [potion of mutation]
  7792 | D:6      | Gained mutation: You have sharp fingernails. [potion of
                  | mutation]
  7792 | D:6      | Gained mutation: Scrolls take you longer to read. [potion
                  | of mutation]
  7792 | D:6      | Gained mutation: You have very sharp fingernails. [potion
                  | of mutation]
  8111 | D:6      | Found a glowing silver altar of Zin.
  8114 | D:6      | Found a blossoming altar of Fedhas.
  8133 | D:6      | Found a stormy altar of Qazlal.
  8266 | D:7      | Noticed Duvessa
  8272 | D:7      | Noticed Dowan
  8281 | D:7      | Killed Duvessa
  8287 | D:7      | Killed Dowan
  8558 | D:7      | Found an iron altar of Okawaru.
  8608 | D:7      | Found Weanga's Magic Scroll Emporium.
  8723 | D:7      | Reached skill level 5 in Conjurations
  8723 | D:7      | Reached skill level 7 in Fire Magic
  8987 | D:7      | Found Tapa's Armour Boutique.
  9371 | D:7      | Reached skill level 5 in Evocations
  9649 | D:7      | Became a worshipper of Warmaster Okawaru
  9674 | D:7      | Learned a level 5 spell: Fireball
  9772 | D:8      | Noticed Psyche
  9777 | D:8      | Killed Psyche
 10150 | D:8      | Learned a level 4 spell: Force Lance
 10316 | D:8      | Reached * piety under Okawaru
 10322 | D:8      | Found a shimmering altar of Xom.
 10322 | D:8      | Found a shimmering altar of Xom.
 10695 | D:8      | Noticed Grum
 10704 | D:8      | Reached XP level 10. HP: 31/78 MP: 6/20
 10710 | D:7      | Found a staircase to the Ecumenical Temple.
 11012 | D:8      | Killed Grum
 11517 | D:8      | Lost mutation: Scrolls take you longer to read. [potion of
                  | mutation]
 11517 | D:8      | Lost mutation: You have very sharp fingernails. [potion of
                  | mutation]
 11517 | D:8      | Lost mutation: You have sharp toenails. [potion of
                  | mutation]
 11517 | D:8      | Gained mutation: Your flesh is heat resistant. (rF+)
                  | [potion of mutation]
 11579 | D:9      | Noticed a two-headed ogre
 11599 | D:9      | Killed a two-headed ogre
 11599 | D:9      | Reached ** piety under Okawaru
 11599 | D:9      | Reached skill level 8 in Fire Magic
 12123 | D:9      | Found a burning altar of Makhleb.
 12199 | D:9      | Reached skill level 5 in Fighting
 13179 | D:10     | Entered Level 10 of the Dungeon
 13390 | D:9      | Reached *** piety under Okawaru
 13581 | D:10     | Reached skill level 9 in Fire Magic
 13964 | D:10     | Reached XP level 11. HP: 75/88 MP: 14/23
 14113 | D:10     | Reached **** piety under Okawaru
 14464 | D:10     | Reached skill level 1 in Translocations
 14468 | D:10     | Reached skill level 1 in Shields
 15090 | D:10     | Lost mutation: Scrolls take you a little longer to read.
                  | [potion of mutation]
 15090 | D:10     | Lost mutation: Your flesh is heat resistant. (rF+) [potion
                  | of mutation]
 15090 | D:10     | Gained mutation: You occasionally shout uncontrollably at
                  | your foes. [potion of mutation]
 15090 | D:10     | Gained mutation: You are occasionally teleported next to
                  | monsters. [potion of mutation]
 15090 | D:10     | Gained mutation: Your tail ends in a poisonous barb.
                  | [potion of mutation]
 15118 | D:10     | Found a staircase to the Lair.
 15475 | D:11     | Noticed a tengu warrior
 15495 | D:11     | Killed a tengu warrior
 15495 | D:11     | Received a gift from Okawaru
 15728 | D:11     | Reached ***** piety under Okawaru
 15992 | D:11     | Found a shadowy altar of Dithmenos.
 16435 | D:11     | You fall through a shaft for 3 floors!
 16450 | D:14     | Noticed a death knight
 16851 | D:14     | Found a gate to the Vaults.
 16887 | D:14     | Slain by a yaktaur

Levels and vault maps discovered:
D:1:      dpeg_arrival_three_smaller_balls, layout_basic, nrook_mini_backslash,
          hangedman_feature_mirror
D:2:      layout_rooms, first_ration, uniq_sigmund
D:3:      layout_basic, chequers_ecumenical_altar_simple,
          minmay_misc_feat_rugged, uniq_robin
D:4:      layout_cave_pods, lemuel_round_altar, kennysheep_mini, tgw_trog,
          grunt_temple_overflow_open, serial_shops, nicolae_shop_waterfront
D:5:      layout_loops_ring, old_standard_altar, gammafunk_ghost_mausoleum,
          serial_shops, shop_statue, uniq_ijyb, uniq_pikel,
          uniq_crazy_yiuf_cottage
D:6:      layout_basic, elyvilon_altar_1, grunt_temple_overflow_diamond
D:7:      layout_loops_ring, okawaru_trees_2, minmay_temple_entry_from_below_b,
          serial_shops, shop, nicolae_shop_trees, grunt_ogre_cave, uniq_duvessa
D:8:      layout_loops_corners, xom_shifter_show, uniq_grum, uniq_psyche
D:9:      layout_loops_ring, bloody_makhleb, kennysheep_generic_room_2
D:10:     layout_cave_pools, grunt_lair_entry_orc_guard_hut
D:11:     layout_grid_maze, nicolae_dithmenos_shadow_blocks
D:14:     layout_irregular_city, david_vaults_2,
          ploomutoo_gammafunk_ghost_potion_laboratory, infiniplex_staircase_x,
          uniq_kirke

Skill      XL: |  1  2  3  4  5  6  7  8  9 10 11 |
---------------+----------------------------------+-----
Spellcasting   | 3 4 5 6 8 |  8.9
Conjurations   | 2 3 4 6 7 8 |  8.3
Fire Magic     | 4 5 6 7 9 |  9.9
Short Blades   | 2 3 5 6 7 |  7.0
Fighting       | 1 2 3 4 5 |  5.7
Evocations     | 2 4 5 |  5.0
Translocations | 3 |  3.1
Shields        | 2 |  2.8
Dodging        | |  1.7
Stealth        | |  1.7

Action                   |  1- 3 |  4- 6 |  7- 9 | 10-12 || total
-------------------------+-------+-------+-------+-------++-------
Melee: Unarmed           |    10 |       |       |       ||    10
       Dagger            |    29 |   139 |   342 |   349 ||   859
       Club              |     4 |       |       |       ||     4
       Tailslap          |     5 |    13 |    37 |    42 ||    97
 Cast: Flame Tongue      |    73 |    99 |   122 |   208 ||   502
       Sticky Flame      |       |     1 |     7 |    28 ||    36
       Conjure Flame     |       |       |     7 |     5 ||    12
       Fireball          |       |       |       |     6 ||     6
 Abil: Breathe Steam     |       |       |     2 |     3 ||     5
Evoke: Wand              |       |       |       |     2 ||     2
  Use: Scroll            |       |     4 |     3 |     9 ||    16
       Potion            |       |       |     2 |     2 ||     4
 Stab: Sleeping          |       |       |     4 |     1 ||     5
  Eat: Chunk             |     5 |     7 |    18 |    21 ||    51
       Ration            |       |       |     1 |     1 ||     2
Armor: Skin              |    26 |    64 |   139 |   155 ||   384
Dodge: Dodged            |    55 |   109 |   183 |   230 ||   577
Block: Buckler           |       |       |       |    20 ||    20

Table legend:
 A = Non-vault XP
 B = Vault XP
 C = Vault XP percentage of total XP
 D = Non-vault monster count
 E = Vault monster count
 F = Vault count percentage of total count
                 A         B        C        D         E       F
            +---------+---------+-------+---------+---------+-------
      Total |   13858 |    3687 |  21.0 |     259 |      45 |  14.8
            +---------+---------+-------+---------+---------+-------
        D:1 |      36 |      10 |  21.7 |      20 |       6 |  23.1
        D:2 |      74 |       0 |   0.0 |      24 |       0 |   0.0
        D:3 |     245 |      37 |  13.1 |      32 |      12 |  27.3
        D:4 |     535 |      13 |   2.4 |      31 |       5 |  13.9
        D:5 |     506 |     797 |  61.2 |      16 |       3 |  15.8
        D:6 |     803 |       0 |   0.0 |      19 |       0 |   0.0
        D:7 |     607 |     474 |  43.8 |      18 |       4 |  18.2
        D:8 |     946 |    1017 |  51.8 |      22 |       5 |  18.5
        D:9 |    2835 |     506 |  15.1 |      31 |       5 |  13.9
       D:10 |    3685 |     506 |  12.1 |      26 |       4 |  13.3
       D:11 |    2847 |       0 |   0.0 |      17 |       0 |   0.0
       D:14 |     739 |     327 |  30.7 |       3 |       1 |  25.0
            +---------+---------+-------+---------+---------+-------
